 Dungeon Crawl Stone Soup version 0.30-a0-1160-g6e42c06551 (webtiles) character file.

Game seed: 2954403333675637850

335 nintharchangel the Trooper (level 6, -1/53 HPs)
             Began as a Draconian Fighter on Apr 25, 2023.
             Was an Initiate of Ashenzari.
             Slain by Pascal76's ghost (8 damage)
             ... on level 3 of the Dungeon.
             The game lasted 00:05:51 (2091 turns).

nintharchangel the Trooper (Draconian Fighter)      Turns: 2091, Time: 00:05:52

Health: -1/53      AC:  6    Str: 18    XL:     6   Next: 28%
Magic:  6/6        EV: 14    Int: 13    God:    Ashenzari [......]
Gold:   124        SH:  0    Dex: 17    Spells: 5/5 levels left

rFire   . . .        i - +3 long sword of Curses and Power {heavy, Int+4 Dex+5 SInv, Bglg, Cun} (curse)
rCold   . . .        (no shield)
rNeg    . . .        (body armour unavailable)
rPois   .            (helmet restricted)
rElec   .            (no cloak)
rCorr   .            (no gloves)
SInv    +            (no boots)
Will    .....        (no amulet)
Stlth   ++           (no ring)
HPRegen 0.28/turn    (no ring)
MPRegen 0.10/turn

%: no passive effects
@: about to teleport
A: AC +6, unfitting armour, cold-blooded
a: Renounce Religion, Shatter the Chains


You were on level 3 of the Dungeon.
You worshipped Ashenzari.
Ashenzari was noncommittal.
You visited 1 branch of the dungeon, and saw 3 of its levels.

You collected 124 gold pieces.

Inventory:

Hand Weapons
 h - a +0 scythe
 i - the cursed +3 long sword of Curses and Power (weapon) {heavy, Int+4 Dex+5 SInv, Bglg, Cun}
   (You found it on level 2 of the Dungeon)

   Int:       It affects your intelligence (+4).
   Dex:       It affects your dexterity (+5).
   SInv:      It lets you see invisible.
   It has a curse which improves the following skills: Beguiling: Conjurations,
   Hexes and Translocations.
   Cunning:   Dodging and Stealth.
Armour
 b - a +0 buckler
Scrolls
 g - a scroll of enchant weapon
 j - a scroll of fear {unknown}
 l - a scroll of amnesia {unknown}
 m - a scroll of noise {unknown}
 o - a scroll of identify
Potions
 a - a potion of brilliance {unknown}
 c - a potion of might
 d - a potion of degeneration
 e - a potion of attraction {unknown}
 f - 2 potions of curing {unknown}
 k - a potion of haste {unknown}


   Skills:
 + Level 4.5 Fighting
 + Level 1.3 Long Blades
 + Level 4.1(4.2) Axes
 + Level 1.2(2.9) Polearms
 + Level 3.8(4.2) Dodging
 + Level 0.7(1.0) Stealth
 + Level 3.4 Shields


You had 5 spell levels left.
You didn't know any spells.
Your spell library contained the following spells:

 Spells                   Type           Power      Damage    Failure   Level
 Sublimation of Blood     Necr           0%         N/A       43%         2
 Wereblood                Tmut           0%         N/A       43%         2
 Summon Hydra             Summ           0%         N/A       100%        7


Dungeon Overview and Level Annotations

Branches:
Dungeon (3/15)

Altars:
Ashenzari
Yredelemnul

Shops:
D:1 [

Annotations:
D:3 Pascal76's ghost, amateur GrGl


Innate Abilities, Weirdness & Mutations

Your plain brown scales are hard. (AC +6)
You cannot fit into any form of body armour.
You are cold-blooded and may be slowed by cold attacks.


Message History

You kill the goblin!
No reachable target in view!
No reachable target in view!
You now have 124 gold pieces (gained 4).
The kobold brigand shouts!
Press: ? - help, v - describe, . - travel
Here: Pascal76's ghost (fire blocked by a runed translucent door)
The floor.
Found a runed leather armour.
You open the gate.
The kobold brigand throws a curare-tipped dart.
The curare-tipped dart misses you.
Pascal76's ghost attacks as you move away!
Pascal76's ghost hits you.
The kobold zaps a wand.
The puff of flame hits you.
Pascal76's ghost says, "They'll have to sweep you off the floor after I'm finished with you!"
Pascal76's ghost closely misses you.
Pascal76's ghost attacks as you move away!
Pascal76's ghost hits you!
You slash Pascal76's ghost!
Pascal76's ghost is moderately damaged.
Pascal76's ghost closely misses you. Pascal76's ghost hits you.
You hit Pascal76's ghost but do no damage.
Your tail-slap misses Pascal76's ghost.
Pascal76's ghost is moderately damaged.
Pascal76's ghost hits you!
Pascal76's ghost hits you but does no damage.
You hit Pascal76's ghost.
Pascal76's ghost is heavily damaged.
Pascal76's ghost hits you! Pascal76's ghost hits you.
* * * LOW HITPOINT WARNING * * *
You closely miss Pascal76's ghost.
Pascal76's ghost is heavily damaged.
Pascal76's ghost hits you!
* * * LOW HITPOINT WARNING * * *
Pascal76's ghost closely misses you.
Okay, then.
As you read the scroll of teleportation, it crumbles to dust.
You feel strangely unstable. Pascal76's ghost hits you!
You die...

##..##.#.#.. #.# ..#.#
##.#.###...#.# #⌠.#.#.⌠#
#...#........# # #.#...#.#
.#.#..###.##.#.# ###.....####
##.##>###.##.#. #.##'''##...
##.##.##......
#...KK....####..
....#.##..##.# ####..###.....
##>.#.##..##.########K####.)#
##.#.##........@WKKKK.....)#
###.#.##.###.##############)#
......##(....# ...
......##).#### ..$#
###.#.##..# ...# #†#.##..#
)..# .##.#.##..# ..##
....#.##..# .## .......)..#


You could see a kobold brigand, Pascal76's ghost and 4 kobolds.

Vanquished Creatures
  Sigmund (D:2)
  Natasha (twice) (D:2)
  Robin (D:2)
  2 adders
  A worm (D:2)
  6 orcs (D:3)
  5 endoplasms
  5 giant cockroaches
  27 goblins
  12 hobgoblins
  4 jackals (D:2)
  3 quokkas
  7 ball pythons
  6 bats
  2 frilled lizards (D:2)
  2 kobolds
  4 rats
90 creatures vanquished.

Vanquished Creatures (others)
  3 fungi (D:1)
  A plant (D:1)
4 creatures vanquished.

Grand Total: 94 creatures vanquished

Notes
Turn   | Place    | Note
-------+----------+-------------------------------------------
     0 | D:1      | nintharchangel the Draconian Fighter began the quest for
                  | the Orb.
     0 | D:1      | Reached XP level 1. HP: 19/19 MP: 1/1
   126 | D:1      | Found Miugh's Armour Emporium.
   148 | D:1      | Reached XP level 2. HP: 26/26 MP: 2/2
   299 | D:1      | Found a faded altar of an unknown god.
   329 | D:1      | Prayed at the altar of an unknown god.
   329 | D:1      | Became a worshipper of Ashenzari the Shackled
   752 | D:2      | Noticed Sigmund
   764 | D:2      | Killed Sigmund
   765 | D:2      | Reached XP level 3. HP: 13/33 MP: 3/3
   765 | D:2      | Reached XP level 4. HP: 16/40 MP: 4/4
   765 | D:2      | Reached XP level 5. HP: 18/46 MP: 5/5
   900 | D:2      | Found a basalt altar of Yredelemnul.
  1108 | D:2      | Identified the +3 long sword "Leviticus" {heavy, Int+4
                  | Dex+5 SInv}
  1268 | D:2      | Noticed Natasha
  1268 | D:2      | Found the +7 staff of the Meek {protect, meekguard}
  1277 | D:2      | Killed Natasha
  1279 | D:2      | Reached skill level 1 in Polearms
  1380 | D:2      | Noticed Robin
  1566 | D:2      | Killed Robin
  1684 | D:2      | Reached XP level 6. HP: 31/53 MP: 6/6
  1912 | D:2      | Noticed Natasha
  1917 | D:2      | Killed Natasha
  1918 | D:2      | Reached skill level 1 in Long Blades
  2050 | D:3      | Found a runed translucent gate.
  2050 | D:3      | Found a runed translucent gate.
  2050 | D:3      | Found a runed translucent gate.
  2050 | D:3      | Noticed Pascal76's ghost (amateur GrGl)
  2091 | D:3      | Slain by Pascal76's ghost

Illustrated notes

Levels and vault maps discovered:
D:1:      dpeg_arrival_prison, layout_loops_ring,
          dreamdust_ecumenical_altar_grove, serial_shops,
          nicolae_shop_waterfront
D:2:      cheibrodos_greedy_goblins, layout_basic, basic_altar,
          minmay_tetromino_l2, uniq_sigmund, uniq_natasha, uniq_robin
D:3:      layout_loops_ring, gammafunk_ghost_nasty_kobolds, grunt_ministairs_1,
          uniq_grinder

Skill      XL: |  1  2  3  4  5  6 |
---------------+-------------------+-----
Dodging        | 3 |  3.8
Fighting       | 4 |  4.5
Axes           | 3 4 |  4.1
Polearms       | 1 |  1.2
Long Blades    | 1 |  1.3
Stealth        | |  0.7
Shields        | |  3.4

Action                     |  1- 3 |  4- 6 || total
---------------------------+-------+-------++-------
  Melee: War axe           |    62 |       ||    62
         Tailslap          |     6 |     8 ||    14
         Long sword        |       |   104 ||   104
         Halberd           |       |    38 ||    38
         Punch             |       |     1 ||     1
 Invoke: Curse Item        |     1 |     1 ||     2
         Shatter the Chain |       |     1 ||     1
    Use: Potion            |     2 |     1 ||     3
         Scroll            |     1 |     3 ||     4
   Stab: Sleeping          |       |     1 ||     1
 Armour: Skin              |    26 |    96 ||   122
  Dodge: Dodged            |    33 |   193 ||   226
  Block: Buckler           |    13 |       ||    13

Table legend: (Time is in decaauts)
 A = Elapsed time spent in this place.
 B = Non-inter-level travel time spent in this place.
 C = Inter-level travel time spent in this place.
 D = Time resting spent in this place.
 E = Time spent auto-exploring this place.
 F = Levels seen in this place.
 G = Mean time per level.
                   A        B        C        D        E       F      G
               +--------+--------+--------+--------+--------+-----+--------+
         Total |   2244 |   2205 |     39 |    232 |   1206 |   3 |  748.0 |
       Dungeon |   2244 |   2205 |     39 |    232 |   1206 |   3 |  748.0 |
               +--------+--------+--------+--------+--------+-----+--------+

Top non-repeatable levels by time:
     D:2: 1316 daAuts
     D:1: 733 daAuts
     D:3: 194 daAuts
